 Dungeon Crawl Stone Soup version 0.19.0-11-g3fc08b3 (webtiles) character file.

118 Stormleaks the Skirmisher (level 4, -1/42 HPs)
             Began as a Minotaur Berserker on Nov 8, 2016.
             Was a Believer of Trog.
             Slain by a hobgoblin
             ... wielding a cursed -1 club
             ... led by Robin
              (4 damage)
             ... on level 2 of the Dungeon.
             The game lasted 00:06:12 (1753 turns).

Stormleaks the Skirmisher (Minotaur Berserker)      Turns: 1753, Time: 00:06:14

Health: -1/42      AC:  2    Str: 22    XL:     4   Next: 72%
Magic:  3/3        EV: 12    Int:  4    God:    Trog [**....]
Gold:   78         SH:  0    Dex: 10    Spells: 0 memorised, 3 levels left

rFire  + . .     SeeInvis .     a - +1 hand axe
rCold  x . .     Gourm    .     h - -1 leather armour (curse)
rNeg   . . .     Faith    .     (no shield)
rPois  .         Spirit   .     (helmet restricted)
rElec  .         Reflect  .     (no cloak)
rCorr  .         Harm     .     (no gloves)
MR     ++...                    (no boots)
Stlth  +.........               (no amulet)
                                (no ring)
                                j - ring of fire

@: exhausted, regenerating, slowed, very slow
A: retaliatory headbutt, horns 2
a: Berserk, Trog's Hand, Burn Spellbooks, Renounce Religion


You were on level 2 of the Dungeon.
You worshipped Trog.
Trog was pleased with you.
You were very hungry.

You visited 1 branch of the dungeon, and saw 2 of its levels.

You collected 78 gold pieces.

Inventory:

Hand Weapons
 a - a +1 hand axe (weapon)
Armour
 b - a +0 animal skin
 h - a cursed -1 leather armour (worn)
Jewellery
 j - a ring of fire (left hand)
Wands
 m - a wand of digging (7/24)
Scrolls
 k - a scroll of identify
Potions
 d - a potion of degeneration {unknown}
 e - a potion of berserk rage {unknown}
 f - a potion of curing {unknown}
 i - a potion of might {unknown}
 n - a potion of ambrosia {unknown}
Comestibles
 c - 2 bread rations
 g - a beef jerky


   Skills:
 + Level 5.1 Fighting
 + Level 5.0 Axes
 + Level 3.0 Armour
 + Level 2.5 Dodging


You had 3 spell levels left.
You didn't know any spells.

Dungeon Overview and Level Annotations

Branches:
Dungeon (2/15)

Altars:
The Shining One

Annotations:
D:2 Robin


Innate Abilities, Weirdness & Mutations

You reflexively headbutt those who attack you in melee.
You have a pair of horns on your head.


Message History

* * * LOW HITPOINT WARNING * * *
Your skin crawls.
You feel resistant to hostile enchantments.
You are feeling very hungry.
The goblin hits you with a club.
* * * LOW HITPOINT WARNING * * *
Robin hits you with a club.
* * * LOW HITPOINT WARNING * * *
The hobgoblin closely misses you. The goblin hits you with a club.
* * * LOW HITPOINT WARNING * * *
Robin hits you but does no damage. The hobgoblin hits you with a club.
* * * LOW HITPOINT WARNING * * *
You're too exhausted to go berserk.
You hit Robin but do no damage. Your headbutt misses Robin.
Robin is severely wounded.
You slash the goblin!
You kill the goblin!
Trog accepts your kill.
You hit the hobgoblin but do no damage. The hobgoblin hits you with a club.
You die...

#...#...## #. #
.#..>...# ## #.
######.....#...#
#.###...###...###....>
#.......# #..# #.###
#...?...# #.## #.##
##.#.##)#.#####)##
##.###
#.....#g#).......###.#
#..g@)...####.#..#
#.....#)####.#
##(#.#### ##.#.##.#
#.# #(#..... .. #. #.#
#.# #.#..### # ... ...
#.#.†# ... ... #.#..#
###. ..... #.#..#
....... #.#..# .......
#.#..#


You could see Robin and a hobgoblin.

Vanquished Creatures
  Terence (D:2)
  5 adders (D:2)
  An ooze (D:2)
  A leopard gecko (D:1)
  A bat (D:2)
  16 goblins
  3 hobgoblins
  5 kobolds
  A quokka (D:2)
  2 frilled lizards (D:1)
  7 rats
43 creatures vanquished.

Notes
Turn   | Place    | Note
-------+----------+-------------------------------------------
     0 | D:1      | Stormleaks the Minotaur Berserker began the quest for the Orb.
     0 | D:1      | Reached XP level 1. HP: 19/19 MP: 0/0
   175 | D:1      | Found a glowing golden altar of the Shining One.
   387 | D:1      | Reached XP level 2. HP: 22/27 MP: 1/1
   742 | D:2      | Noticed Terence
   745 | D:2      | Reached XP level 3. HP: 25/34 MP: 2/2
   752 | D:2      | Killed Terence
  1120 | D:2      | Reached XP level 4. HP: 17/41 MP: 3/3
  1721 | D:2      | Reached skill level 5 in Fighting
  1738 | D:2      | Reached ** piety under Trog
  1744 | D:2      | Noticed Robin
  1749 | D:2      | Reached skill level 5 in Axes
  1752 | D:2      | HP: 1/42 [hobgoblin/club[Robin] (3)]
  1753 | D:2      | Slain by a hobgoblin

Skill      XL: |  1  2  3  4 |
---------------+-------------+-----
Axes           | 4 5 |  5.0
Fighting       | 4 5 |  5.1
Armour         | 3 |  3.0
Dodging        | |  2.5

Action                   |  1- 3 |  4- 6 || total
-------------------------+-------+-------++-------
Melee: Hand axe          |    56 |    38 ||    94
       Headbutt          |     9 |     6 ||    15
Invok: Berserk           |     2 |     1 ||     3
       Trog's Hand       |       |     1 ||     1
  Use: Scroll            |     6 |       ||     6
  Eat: Bread ration      |       |     1 ||     1
Armor: Leather armour    |     1 |    12 ||    13
Dodge: Dodged            |    33 |    21 ||    54
